Map: Bastion of the Conclave

Players

Shaneullman

  • Race: Protoss Protoss
  • League: Bronze
  • Spawn Location: 6:00

mark

  • Race: Zerg Zerg
  • Spawn Location: 6:00

Will

  • Race: Terran Terran
  • Spawn Location: 6:00

panzz - Winner!

  • Race: Terran Terran
  • League: Gold
  • Spawn Location: 0:00

Abome - Winner!

  • Race: Zerg Zerg
  • Spawn Location: 12:00

Metasapien - Winner!

  • Race: Zerg Zerg
  • League: Platinum
  • Spawn Location: 12:00

VOD

Have the link to the VOD?

Description

Time

  • Played on: Sept. 24, 2017, 4:56 a.m.
  • Length: 11:11
Show
View Real Time Build Order
Export as new Build Order

Shaneullman Protoss 

Build Orders:  

Get SALT Encoding   

  12  0:03  Probe (Chrono Boost)  
  14  0:14  Probe (Chrono Boost)  
  14  0:24  Pylon  
  14  0:26  Probe (Chrono Boost)  
  16  0:42  Probe (Chrono Boost)  
  16  0:49  Gateway  
  16  0:54  Probe (Chrono Boost)  
  17  0:57  Assimilator  
  17  1:03  Pylon  
  17  1:04  Probe (Chrono Boost)  
  18  1:15  Probe (Chrono Boost)  
  20  1:25  Probe (Chrono Boost)  
  20  1:32  Assimilator  
  20  1:37  Cybernetics Core  
  20  1:38  Probe (Chrono Boost)  
  21  1:46  Zealot  
  23  1:49  Probe (Chrono Boost)  
  23  1:51  Pylon  
  24  1:59  Probe (Chrono Boost)  
  25  2:06  Forge  
  25  2:14  Zealot (Chrono Boost)  
  27  2:18  Gateway  
  27  2:22  Pylon  
  27  2:40  Stalker (Chrono Boost)  
  29  3:01  Probe  
  30  3:06  Stalker (Chrono Boost)  
  32  3:16  Nexus  
  34  3:22  Stalker (Chrono Boost)  
  34  3:27  Probe  
  35  3:39  Probe, Stalker (Chrono Boost)  
  38  3:51  Robotics Facility  
  38  3:52  Protoss Ground Armor Level 1  
  38  4:01  Probe  
  39  4:07  Pylon  
  39  4:13  Probe  
  39  4:15  Stalker (Chrono Boost)  
  42  4:30  Stalker (Chrono Boost)  
  44  4:41  Warp Prism  
  46  4:56  Twilight Council  
  46  4:58  Probe, Pylon  
  46  4:59  Pylon  
  47  5:10  Probe  
  48  5:17  Immortal  
  52  5:28  Probe  
  52  5:30  Probe  
  52  5:34  Assimilator  
  54  5:38  Assimilator  
  54  5:39  Probe  
  54  5:42  Probe  
  56  5:49  Probe  
  60  5:50  Zealot (Chrono Boost)  
  60  5:53  Zealot (Chrono Boost)  
  60  5:54  Probe  
  60  5:55  Blink  
  62  6:00  Probe  
  63  6:31  Nexus  
  63  6:33  Probe  
  63  6:34  Pylon  
  63  6:36  Pylon  
  63  6:37  Probe  
  65  6:44  Probe  
  66  6:49  Probe  
  59  6:55  Probe  
  54  7:01  Probe  
  54  7:05  Probe  
  53  7:30  Immortal  
  53  7:31  Stalker (Chrono Boost)  
  53  7:35  Stalker (Chrono Boost)  
  53  7:36  Photon Cannon  
  53  7:37  Photon Cannon  
  57  7:40  Photon Cannon  
  57  7:42  Photon Cannon  
  57  7:45  Pylon  
  57  7:56  Probe  
  58  7:59  Probe  
  59  8:06  Probe  
  60  8:13  Protoss Ground Armor Level 2  
  60  8:17  Probe  
  61  8:27  Probe  
  46  9:06  Photon Cannon  
  46  9:07  Photon Cannon  
  46  9:09  Probe, Photon Cannon  
  46  9:19  Probe  
  15  9:56  Probe  
  16  10:07  Probe  
  16  10:09  Probe  
  18  10:17  Probe x2  
  20  10:25  Probe  
  19  10:33  Probe  
Show
View Real Time Build Order
Export as new Build Order

mark Zerg 

Build Orders: Pool First 

Get SALT Encoding   

  12  0:01  Drone  
  13  0:08  Drone  
  14  0:18  Overlord  
  14  0:26  Drone, Extractor  
  14  0:37  Drone x2  
  16  0:45  Drone  
  17  0:58  Drone, Spawning Pool  
  17  1:06  Drone  
  18  1:25  Hatchery  
  18  1:26  Drone  
  18  1:30  Drone  
  19  1:39  Drone  
  20  1:49  Zergling x2  
  21  1:54  Extractor  
  20  2:06  Lair  
  20  2:07  Drone  
  21  2:12  Zergling x2  
  22  2:23  Overlord  
  22  2:31  Overlord, Hatchery  
  21  2:38  Drone  
  21  2:42  Drone  
  23  2:47  Metabolic Boost  
  23  2:49  Drone  
  24  2:54  Drone  
  25  3:03  Hydralisk Den  
  25  3:05  Drone  
  25  3:07  Drone  
  25  3:11  Drone  
  27  3:15  Drone  
  28  3:24  Queen  
  30  3:30  Drone x2  
  32  3:35  Hydralisk  
  32  3:39  Drone  
  35  3:42  Drone  
  36  3:51  Infestation Pit  
  36  3:52  Drone  
  36  3:55  Drone  
  37  3:59  Drone  
  37  4:02  Spore Crawler  
  37  4:03  Hydralisk  
  39  4:10  Hydralisk  
  41  4:21  Hydralisk x2  
  45  4:26  Queen  
  45  4:28  Hydralisk  
  49  4:38  Overlord x2  
  49  4:49  Overlord  
  49  4:56  Hydralisk x3  
  55  5:05  Hydralisk x2  
  59  5:15  Drone x2  
  59  5:20  Extractor  
  60  5:22  Drone x2, Extractor  
  61  5:30  Drone x4  
  61  5:31  Drone  
  66  5:39  Drone x3  
  69  5:48  Hydralisk x2  
  73  5:54  Overlord  
  73  5:55  Overlord  
  73  5:59  Overlord  
  73  6:04  Spore Crawler  
  72  6:14  Spore Crawler  
  72  6:15  Spore Crawler  
  72  6:17  Drone x3  
  72  6:18  Spore Crawler  
  72  6:21  Spore Crawler  
  72  6:25  Spore Crawler  
  70  6:35  Spire  
  69  6:42  Hive  
  69  6:56  Hydralisk x3  
  69  6:58  Hydralisk  
  77  7:23  Hydralisk x6  
  89  7:39  Hydralisk x3  
  89  7:40  Spore Crawler  
  94  7:54  Greater Spire  
  94  8:00  Spire  
  93  8:13  Hydralisk x2  
  93  8:15  Overlord x3  
  97  8:27  Overlord x2  
  97  8:41  Hydralisk x2  
  97  8:42  Hydralisk x2  
  104  9:00  Hydralisk x3  
  104  9:01  Hydralisk  
  69  9:37  Hydralisk x3  
  69  9:38  Hydralisk x3  
  32  10:26  Mutalisk  
  32  10:27  Mutalisk x5  
Show
View Real Time Build Order
Export as new Build Order

Will Terran 

Build Orders: MMM Bio 

Get SALT Encoding   

  12  0:00  SCV  
  13  0:12  SCV  
  14  0:18  Supply Depot  
  14  0:32  SCV  
  14  0:34  Supply Depot  
  15  0:36  Refinery  
  15  0:50  Engineering Bay  
  15  0:56  SCV  
  16  1:05  Barracks  
  16  1:08  SCV  
  17  1:20  SCV  
  18  1:32  SCV  
  19  1:48  Terran Infantry Weapons Level 1  
  19  1:51  Orbital Command  
  19  1:52  Barracks  
  19  1:54  Barracks Tech Lab  
  19  2:16  Marine  
  20  2:23  SCV  
  21  2:35  Marine  
  22  2:40  Barracks Reactor  
  22  2:45  Command Center  
  22  2:46  SCV  
  22  2:50  Barracks  
  23  3:00  Supply Depot  
  23  3:04  Stimpack  
  23  3:21  SCV, Marine  
  23  3:26  Bunker  
  25  3:32  Marine x2  
  25  3:33  Refinery, SCV  
  28  3:37  Barracks Reactor  
  28  3:39  Marine  
  29  3:45  SCV  
  30  3:52  Factory  
  30  3:58  SCV  
  31  4:04  Refinery, SCV  
  32  4:10  SCV  
  32  4:14  Marine x2  
  32  4:15  Marine x3  
  32  4:16  SCV  
  39  4:22  SCV  
  40  4:28  SCV  
  40  4:31  Supply Depot  
  41  4:32  Marine  
  41  4:33  Marine x2  
  41  4:34  SCV  
  45  4:48  Marine  
  45  4:52  Bunker, Supply Depot, Marine x2  
  48  4:57  SCV  
  50  5:02  Orbital Command  
  49  5:09  SCV  
  49  5:13  Starport, Widow Mine  
  52  5:21  Combat Shields  
  52  5:24  Terran Infantry Armor Level 1  
  52  5:29  Armory  
  52  5:30  SCV  
  52  5:32  SCV  
  54  5:41  Refinery  
  54  5:43  SCV  
  54  5:45  Widow Mine  
  57  5:52  Starport Tech Lab  
  57  5:54  Fusion Core  
  57  5:59  SCV x2  
  59  6:04  Marine x3  
  59  6:06  Starport  
  59  6:11  Supply Depot  
  62  6:13  Supply Depot  
  62  6:18  Supply Depot  
  62  6:22  Terran Ship Weapons Level 1  
  62  6:29  Engineering Bay  
  62  6:32  SCV x2, Marine x5  
  69  6:34  Supply Depot  
  69  6:50  Marine x3  
  72  6:57  Marine x2  
  74  7:08  Marine  
  75  7:10  Missile Turret  
  71  7:22  SCV x2  
  70  7:29  Marine x5  
  75  7:31  Starport Tech Lab, Battlecruiser  
  75  7:34  SCV  
  82  7:47  Marine x4  
  82  7:51  Terran Infantry Weapons Level 2  
  86  7:54  Terran Infantry Armor Level 2  
  85  8:03  Marine  
  85  8:04  Marine x2  
  81  8:18  Marine x2  
  79  8:21  Marine  
  79  8:27  Marine x2  
  79  8:35  SCV  
  79  8:36  Marine x2  
  79  8:39  Marine  
  83  8:44  Marine  
  83  8:45  Marine  
  83  8:47  SCV  
  86  8:54  Marine  
  81  8:59  SCV, Marine  
  73  9:02  Marine  
  73  9:03  SCV  
  69  9:11  SCV  
  69  9:15  Battlecruiser, SCV  
  73  9:25  Battlecruiser  
  47  10:00  Marine x2  
  49  10:18  Marine x2  
  45  10:36  Marine x2  
Show
View Real Time Build Order
Export as new Build Order

panzz Terran - Winner!

Build Orders: MMM Bio 

Get SALT Encoding   

  12  0:01  SCV  
  13  0:13  SCV  
  14  0:24  Supply Depot  
  14  0:25  SCV  
  15  0:46  SCV  
  16  0:53  Barracks  
  16  0:58  SCV  
  17  1:10  SCV  
  18  1:29  Supply Depot  
  18  1:31  Command Center, SCV  
  19  1:43  Orbital Command  
  19  1:45  Refinery  
  19  1:49  Marine  
  20  1:56  Refinery  
  20  2:03  Supply Depot  
  20  2:10  SCV  
  21  2:22  SCV  
  22  2:25  Barracks Tech Lab  
  22  2:31  Barracks  
  22  2:34  SCV  
  23  2:46  SCV  
  23  2:48  Stimpack  
  23  2:49  Marine  
  25  2:52  Orbital Command  
  25  2:58  SCV  
  26  3:11  Factory  
  26  3:12  Supply Depot  
  26  3:15  Engineering Bay  
  26  3:17  Marine  
  27  3:20  Barracks Reactor  
  27  3:23  SCV  
  27  3:24  SCV  
  29  3:36  SCV x2  
  31  3:44  Terran Infantry Weapons Level 1, Supply Depot  
  31  3:49  SCV x2  
  31  3:53  Missile Turret  
  33  3:59  Starport  
  33  4:01  Factory Reactor  
  33  4:05  SCV x2  
  33  4:06  Marine  
  36  4:11  Missile Turret  
  36  4:14  Marine  
  36  4:15  Marine  
  38  4:20  Supply Depot  
  38  4:24  SCV  
  38  4:25  SCV  
  40  4:34  Marine x2  
  42  4:47  Supply Depot  
  42  4:50  Marine  
  42  4:52  Marine  
  44  4:57  SCV x2, Barracks  
  44  4:58  Barracks  
  46  5:03  Supply Depot  
  46  5:04  Factory Tech Lab  
  46  5:05  Medivac  
  46  5:06  Medivac  
  50  5:08  Combat Shields  
  50  5:18  Missile Turret, SCV x2  
  52  5:23  Supply Depot  
  52  5:24  Marine x2  
  52  5:25  Marine  
  55  5:35  Refinery  
  55  5:36  SCV  
  55  5:37  SCV  
  55  5:38  Refinery  
  55  5:40  Siege Tank  
  60  5:44  Marine  
  60  5:47  Barracks Reactor  
  60  5:48  Barracks Reactor  
  60  5:49  SCV  
  62  5:50  SCV  
  63  5:59  Marine  
  63  6:00  Marine  
  63  6:02  Marine  
  66  6:24  Marine x7  
  73  6:31  Command Center  
  73  6:36  Siege Tank, Medivac x2  
  80  6:41  Marine  
  81  6:57  Terran Infantry Armor Level 1  
  74  7:18  Marine x5  
  74  7:19  Marine x2  
  74  7:20  Siege Tank  
  74  7:34  SCV x2  
  74  7:36  Medivac, Marine x2  
  74  7:37  Medivac  
  82  7:49  Planetary Fortress  
  82  7:51  Barracks  
  82  7:52  Barracks  
  82  7:54  Barracks, Marine x5  
  82  7:55  Marine x2  
  89  8:10  SCV x2  
  89  8:12  Marine x5  
  92  8:14  Supply Depot  
  96  8:22  SCV x2  
  96  8:23  Marine x2  
  100  8:30  Siege Tank, Marine x5  
  108  8:34  SCV x2  
  108  8:37  Supply Depot  
  108  8:41  Marine x2  
  111  8:47  Marine  
  111  8:48  Marine x4  
  117  8:58  Marine  
  117  8:59  Marine  
  117  9:00  Supply Depot  
  119  9:11  Siege Tank, Marine x3  
  119  9:12  Marine x2  
  119  9:16  Marine  
  119  9:17  Marine  
  121  9:31  Marine  
  121  9:32  Marine x4  
  121  9:34  Medivac, Marine x2  
  102  9:40  Medivac  
  102  9:43  Siege Tank  
  97  9:49  Marine  
  97  9:50  Marine x4  
  97  9:52  Marine x2  
  91  10:02  Barracks Reactor x2  
  91  10:03  Medivac, Barracks Reactor  
  91  10:05  SCV x3  
  96  10:07  Marine x5  
  96  10:10  Marine x2  
  102  10:15  Siege Tank  
  102  10:17  SCV  
  102  10:18  SCV  
  107  10:25  Marine x5  
  107  10:27  Marine  
  107  10:28  Marine  
  114  10:37  Viking  
  114  10:38  Viking  
  112  10:42  Marine  
  112  10:43  Marine x4  
  112  10:45  Marine  
  112  10:46  Marine  
  113  10:51  Marine  
  113  10:52  Marine x5  
Show
View Real Time Build Order
Export as new Build Order

Abome Zerg - Winner!

Build Orders: Pool First 

Get SALT Encoding   

  12  0:02  Drone  
  13  0:10  Drone  
  14  0:21  Overlord  
  14  0:29  Extractor  
  14  0:30  Drone, Extractor  
  14  0:32  Drone  
  16  0:47  Spawning Pool  
  15  1:08  Hatchery  
  14  1:13  Drone  
  14  1:17  Drone  
  17  1:25  Drone  
  17  1:27  Extractor  
  17  1:30  Overlord  
  16  1:35  Drone  
  17  1:46  Drone  
  18  1:58  Drone  
  18  2:00  Queen  
  21  2:09  Drone  
  22  2:20  Queen  
  24  2:23  Drone, Zergling x2  
  24  2:27  Metabolic Boost  
  26  2:36  Drone x2  
  28  2:41  Queen  
  30  2:49  Overlord, Drone  
  31  3:00  Drone x2  
  33  3:06  Overlord  
  33  3:08  Drone  
  34  3:18  Lair  
  34  3:24  Drone x3  
  34  3:25  Drone  
  38  3:31  Zergling x10  
  43  3:35  Spore Crawler  
  43  3:37  Spore Crawler  
  41  3:56  Drone, Zergling x6  
  41  3:57  Zergling x2  
  41  3:58  Extractor  
  41  4:02  Drone  
  46  4:03  Drone x3  
  49  4:12  Overlord x2  
  48  4:39  Extractor  
  48  4:41  Extractor  
  46  4:50  Hatchery  
  45  4:53  Drone x2, Spire  
  45  4:54  Drone x6  
  52  5:03  Drone x3  
  55  5:29  Overlord x2, Infestation Pit  
  55  5:30  Drone x7  
  55  5:31  Drone  
  62  5:45  Overseer x2  
  62  5:59  Spore Crawler  
  62  6:03  Spore Crawler  
  60  6:09  Mutalisk x5  
  60  6:10  Mutalisk  
  72  6:14  Spore Crawler  
  72  6:18  Drone x6  
  76  6:19  Drone  
  76  6:22  Overlord x2  
  76  6:24  Drone x2  
  80  6:32  Hive  
  80  6:38  Zerg Flyer Weapons Level 1  
  80  6:52  Drone x5  
  80  6:53  Drone x6  
  91  7:06  Mutalisk x3  
  97  7:16  Overlord x2  
  95  7:23  Mutalisk  
  95  7:26  Overlord x2  
  97  7:37  Drone x3, Mutalisk x3  
  106  7:57  Extractor  
  105  7:59  Extractor  
  104  8:23  Baneling Nest  
  87  8:38  Zergling x6  
  87  8:39  Zergling x14  
  87  8:40  Zergling x4  
  98  9:01  Mutalisk  
  98  9:02  Mutalisk x5  
  108  9:16  Baneling x2  
  108  9:17  Baneling x7  
  108  9:18  Baneling x4  
  108  9:36  Mutalisk  
  108  9:37  Mutalisk x2  
  110  9:49  Zergling x12  
  110  9:50  Zergling x4  
  99  10:28  Mutalisk x3  
  99  10:29  Mutalisk x3  
  99  10:30  Zergling x6  
Show
View Real Time Build Order
Export as new Build Order

Metasapien Zerg - Winner!

Build Orders: Hatch First 

Get SALT Encoding   

  12  0:31  Hatchery  
  11  0:42  Overlord  
  11  0:44  Drone  
  11  0:49  Drone  
  13  0:52  Extractor  
  12  1:04  Drone  
  13  1:14  Spawning Pool  
  13  1:17  Drone  
  13  1:21  Drone  
  14  1:38  Drone x2  
  16  1:46  Drone  
  17  1:50  Drone  
  18  1:59  Drone  
  18  2:00  Drone  
  20  2:15  Drone  
  21  2:17  Overlord  
  21  2:20  Drone  
  21  2:21  Drone  
  23  2:33  Hatchery  
  23  2:34  Drone  
  23  2:37  Drone  
  23  2:42  Drone  
  25  2:47  Drone  
  26  3:01  Queen  
  26  3:02  Queen  
  30  3:05  Metabolic Boost  
  30  3:08  Extractor  
  30  3:10  Drone  
  30  3:18  Drone  
  30  3:19  Roach Warren  
  30  3:20  Drone  
  30  3:25  Drone x2  
  33  3:28  Drone  
  34  3:44  Lair  
  34  3:46  Drone  
  35  3:49  Drone  
  35  3:50  Queen  
  35  3:51  Drone  
  39  3:57  Zergling x6  
  42  4:05  Spore Crawler  
  42  4:08  Drone, Spine Crawler  
  42  4:17  Drone  
  42  4:23  Overlord x2  
  42  4:28  Extractor  
  42  4:30  Extractor  
  40  4:43  Drone x2  
  40  4:44  Drone  
  43  4:45  Drone  
  43  4:46  Drone x2  
  43  4:47  Overlord x2, Drone x3  
  49  4:55  Drone  
  50  5:03  Hydralisk Den  
  49  5:07  Infestation Pit  
  49  5:12  Drone x2  
  50  5:14  Drone  
  50  5:15  Drone x2  
  50  5:19  Drone x4  
  57  5:32  Drone x2  
  57  5:34  Drone x2, Evolution Chamber  
  60  5:37  Muscular Augments, Hydralisk x2  
  60  5:39  Hydralisk  
  60  5:40  Evolution Chamber  
  65  5:48  Drone x4  
  69  5:51  Drone x4  
  69  5:54  Overlord  
  73  5:58  Overlord  
  73  5:59  Extractor  
  73  6:01  Extractor  
  73  6:02  Overlord  
  71  6:07  Roach  
  71  6:10  Overlord  
  73  6:19  Pneumatized Carapace  
  73  6:33  Overseer  
  73  6:34  Overseer  
  73  6:47  Drone, Hydralisk x2  
  73  6:48  Roach, Hydralisk x2  
  73  6:49  Roach x2, Hydralisk  
  73  6:51  Drone x4  
  94  6:57  Zerg Ground Armor Level 1, Zerg Missile Weapons Level 1  
  94  7:09  Drone  
  94  7:11  Queen  
  97  7:23  Hydralisk x2  
  97  7:24  Overlord, Hydralisk  
  97  7:25  Overlord x2  
  97  7:26  Overlord x2  
  103  7:34  Drone  
  103  7:35  Drone x2  
  106  7:41  Overlord x2  
  106  7:44  Nydus Network, Hydralisk  
  105  7:45  Hydralisk x5  
  117  7:52  Burrow  
  112  8:16  Hydralisk  
  112  8:17  Roach, Hydralisk x4  
  112  8:18  Roach x3  
  120  8:30  Pathogen Glands  
  120  8:35  Swarm Host  
  118  9:01  Hydralisk  
  118  9:02  Roach x2, Hydralisk x5  
  120  9:03  Roach x3  
  98  9:34  Drone  
  98  9:49  Zergling x2, Hatchery  
  98  9:50  Zergling x10  
  103  9:56  Queen x2  
  107  10:04  Nydus Network  
  107  10:06  Drone  
  107  10:44  Nydus Canal  
Tags
 
Add a new tag
Caveats
  • Supply blocks, unpowered buildings, or Contaminate may cause inaccurate times.
  • Supply counts are checked every 10 seconds.